 Dungeon Crawl Stone Soup version 0.17-a0-1636-g3119f2b (webtiles) character file.

244 karlkraus the Sneak (level 6, -4/43 HPs)
             Began as an Octopode Monk on Aug 5, 2015.
             Was a Follower of Ru.
             Killed from afar by emiel's ghost (9 damage)
             ... with a magic dart
             ... on level 4 of the Dungeon.
             The game lasted 00:07:16 (2880 turns).

karlkraus the Sneak (Octopode Monk)                 Turns: 2880, Time: 00:07:17

Health: -4/43      AC:  1    Str: 15    XL:     6   Next: 10%
Magic:  6/6        EV: 13    Int: 17    God:    Ru [*.....]
Gold:   149        SH:  0    Dex: 14    Spells: 0 memorised, 5 levels left

rFire  . . .     SeeInvis .       - Unarmed
rCold  . . .     Clarity  .     (no shield)
rNeg   . . .     SustAt   .     (helmet restricted)
rPois  .         Gourm    .     (no amulet)
rElec  .         Spirit   .     j - +3 ring of slaying
rCorr  .         Warding  .     (no ring)
rMut   .         Stasis   .     (no ring)
MR     .....                    (no ring)
Stlth  +++++.....               (no ring)
                                (no ring)
                                (no ring)
                                (no ring)

@: brilliant, lethally poisoned (-4 -> -11), starving, not resistant to hostile
enchantments, quite stealthy
A: almost no armour, amphibious, 8 rings, constrict 8, camouflage 1, strong 1,
gelatinous body 1, no conjurations magic, no ice magic, no necromancy magic
a: Renounce Religion


You were on level 4 of the Dungeon.
You worshipped Ru.
Ru was aware of your devotion.
You were starving.

You visited 2 branches of the dungeon, and saw 5 of its levels.

You collected 149 gold pieces.

Inventory:

Jewellery
 j - a +3 ring of slaying (left tentacle)
Scrolls
 c - 4 scrolls of teleportation
 e - 3 scrolls of immolation
 f - a scroll of identify {unknown}
 n - 3 scrolls of recharging
Potions
 d - a potion of cancellation
Comestibles
 a - 2 bread rations
 b - a meat ration


   Skills:
 + Level 4.0 Fighting
 + Level 3.6 Dodging
 + Level 6.0 Stealth
 + Level 4.9 Unarmed Combat


You had 5 spell levels left.
You didn't know any spells.

Dungeon Overview and Level Annotations

Branches:
Dungeon (4/15)             Temple (1/1) D:4

Altars:
Ashenzari
Dithmenos
Makhleb
Nemelex Xobeh
Okawaru
Ru
Sif Muna
Vehumet
Xom
Yredelemnul
Zin
The Shining One

Annotations:
D:4 emiel's ghost, average CeWz


Innate Abilities, Weirdness & Mutations

You cannot wear most types of armour.
You are amphibious.
You can wear up to eight rings at the same time.
You can use your tentacles to constrict eight enemies at once.
Your skin changes colour to match your surroundings (Stealth).
Your rubbery body absorbs attacks (AC +1).
You cannot study or cast Conjurations magic.
You cannot study or cast Ice magic.
You cannot study or cast Necromancy magic.
Your muscles are strong. (Str +2)


Message History

Emiel's ghost hits you.
* * * LOW HITPOINT WARNING * * *
You are poisoned.
You are too injured to fight recklessly!
You are too injured to fight recklessly!
You are too injured to fight recklessly!
You are too injured to fight recklessly!
You are too injured to fight recklessly!
You barely miss emiel's ghost.
Emiel's ghost is lightly damaged.
You feel sick. Emiel's ghost hits you.
* * * LOW HITPOINT WARNING * * *
You tentacle-slap emiel's ghost. x2
Emiel's ghost is moderately damaged.
* * * LOW HITPOINT WARNING * * *
You feel sick.
Emiel's ghost whispers, "Meet the emptiness of death!"
Emiel's ghost casts a spell at you. The magic dart hits you!
You die...

.## ##..######..##
..####.....##...##
...#...##.......#
.>.....###..##..# .######
.......###..#...# .......
............##### #...........
.###........#.###
##.W.<....... ##
#....#####_.≈#####............
####....#
#8...@W#..............
.#......##
##_.≈#................
.........#
#.###................
.........##
####.####............
...##.....## ##.##
###.......... ...
###....###..# #...####... .#
##....##..# #...# ..
##......## #...## .. #......#
#....# #.


You could see emiel's ghost.

Vanquished Creatures
  2 worker ants (D:4)
  An orc wizard (D:3)
  Natasha (D:2)
  8 adders
  An ooze (D:1)
  A worm (D:2)
  2 orcs (D:3)
  7 hobgoblins
  A jackal (D:4)
  10 kobolds
  5 bats
  6 giant cockroaches
  2 giant geckos
  2 giant newts
  7 goblins
  4 rats
60 creatures vanquished.

Vanquished Creatures (others)
  4 toadstools (D:1)
4 creatures vanquished.

Grand Total: 64 creatures vanquished

Notes
Turn   | Place    | Note
--------------------------------------------------------------
     0 | D:1      | karlkraus the Octopode Monk began the quest for the Orb.
     0 | D:1      | Reached XP level 1. HP: 16/16 MP: 1/1
    55 | D:1      | Reached XP level 2. HP: 11/21 MP: 2/2
   122 | D:1      | Found a sparkling altar of Nemelex Xobeh.
   480 | D:1      | Reached XP level 3. HP: 26/26 MP: 3/3
   696 | D:2      | Noticed Natasha
   705 | D:2      | Killed Natasha
   705 | D:2      | Reached XP level 4. HP: 23/33 MP: 4/4
  1499 | D:3      | Reached XP level 5. HP: 34/37 MP: 5/5
  1813 | D:3      | Reached skill level 5 in Stealth
  1913 | D:3      | Found a shattered altar of Ashenzari.
  2039 | D:3      | Gained mutation: Your magical capacity is low (-10% MP). [potion of mutation]
  2039 | D:3      | Gained mutation: Your muscles are strong. (Str +2) [potion of mutation]
  2039 | D:3      | Lost mutation: Your magical capacity is low (-10% MP). [potion of mutation]
  2232 | D:4      | Noticed emiel's ghost (average CeWz)
  2334 | D:4      | Found a staircase to the Ecumenical Temple.
  2357 | Temple   | Entered the Ecumenical Temple
  2382 | Temple   | Became a worshipper of Ru the Awakened
  2406 | D:4      | Gained mutation: You cannot study or cast Ice magic. [Ru sacrifice]
  2406 | D:4      | Gained mutation: You cannot study or cast Necromancy magic. [Ru sacrifice]
  2406 | D:4      | Gained mutation: You cannot study or cast Conjurations magic. [Ru sacrifice]
  2406 | D:4      | Acquired Ru's first power
  2537 | D:4      | Reached XP level 6. HP: 31/43 MP: 6/6
  2699 | D:4      | Reached skill level 6 in Stealth
  2856 | D:4      | Found a glowing golden altar of the Shining One.
  2857 | D:4      | Found a radiant altar of Vehumet.
  2880 | D:4      | Killed from afar by emiel's ghost

Vault maps used:
D:1:      ldierk_walled_garden_2, kennysheep_nondescript,
          minmay_misc_feat_enclosed, minmay_misc_feat_four_crosses,
          nemelex_altar_shiori
D:2:      uniq_natasha
D:3:      lemuel_round_altar
D:4:      gammafunk_temple_overflow_statue, minmay_temple_entry_grid
Temple:   temple_eino_lava_12

Action                   |  1- 3 |  4- 6 || total
-------------------------+-------+-------++-------
Melee: Unarmed           |    54 |    75 ||   129
Invok: Sacrifice Arcana  |       |     1 ||     1
  Use: Scroll            |     3 |     5 ||     8
       Potion            |       |    10 ||    10
 Stab: Sleeping          |     6 |    15 ||    21
  Eat: Chunk             |       |     4 ||     4
